 Dungeon Crawl Stone Soup version 0.31-a0-1589-g8f5e8aebd6 (webtiles) character file.

Game seed: 18029531211070433151

1012 Newt the Spear-Bearer (level 8, -1/64 HPs)
             Began as a Merfolk Gladiator on Jan 5, 2024.
             Slain by an orc warrior
             ... wielding a +0 long sword
              (14 damage)
             ... on level 5 of the Dungeon.
             The game lasted 00:07:00 (3254 turns).

Newt the Spear-Bearer (Merfolk Gladiator)           Turns: 3254, Time: 00:07:00

Health: -1/64      AC:  6    Str: 16    XL:     8   Next: 21%
Magic:  8/8        EV: 15    Int:  8    God:
Gold:   296        SH:  0    Dex: 15    Spells: 7/7 levels left

rFire   . . .        a - +0 trident
rCold   . . .        (no shield)
rNeg    . . .        j - +1 troll leather armour
rPois   .            c - +0 helmet
rElec   .            f - +0 cloak
rCorr   .            (no gloves)
SInv    .            (no boots)
Will    .....        (no amulet)
Stlth   +            (no ring)
HPRegen 1.10/turn    (no ring)
MPRegen 0.11/turn

%: no passive effects
@: no status effects
A: (nimble swimmer 2), mertail
a: no special abilities


You were on level 5 of the Dungeon.
You visited 1 branch of the dungeon, and saw 5 of its levels.
You also visited: Sewer.

You collected 296 gold pieces.

Inventory:

Hand Weapons
 a - a +0 trident (weapon)
Missiles
 e - a javelin
Armour
 b - a +0 leather armour
 c - a +0 helmet (worn)
 f - a +0 cloak (worn)
 j - a +1 troll leather armour (worn)
Wands
 p - a wand of iceblast (4)
 q - a wand of acid (9)
Scrolls
 h - a scroll of vulnerability {unknown}
 m - 5 scrolls of teleportation
 n - a scroll of blinking
Potions
 g - a potion of attraction
 i - a potion of might {unknown}
 k - a potion of curing
 l - 3 potions of enlightenment
 o - a potion of berserk rage {unknown}


   Skills:
 + Level 6.3 Fighting
 - Level 9.0 Polearms
 - Level 2.0 Throwing
 - Level 7.0 Dodging


You had 7 spell levels left.
You didn't know any spells.
Your spell library contained the following spells:

 Spells                   Type           Power      Damage    Failure   Level
 Magic Dart               Conj           0%         1d3       47%         1
 Blink                    Tloc           0%         N/A       63%         2
 Call Imp                 Summ           0%         N/A       63%         2
 Mercury Vapours          Alch/Air       0%         N/A       63%         2
 Mephitic Cloud           Conj/Alch/Air  0%         N/A       85%         3
 Freezing Cloud           Conj/Ice/Air   0%         6-21      100%        5


Dungeon Overview and Level Annotations

Branches:
Dungeon (6/15)              Sewer (visited)
 Temple: D:4-7

Altars:
Okawaru
Yredelemnul


Innate Abilities, Weirdness & Mutations

((You are very nimble when in or above water. (Stealth+, EV+, Speed+++)))
Your lower body shifts to a powerful aquatic tail in water.


Message History

The black bear claws you but does no damage.
Unknown command.
You puncture the black bear!
The black bear is almost dead.
The orc warrior barely misses you.
The black bear goes berserk!
Unknown command.
You puncture the black bear!
You kill the black bear!
The orc warrior hits you with a +0 long sword.
Your Fighting skill increases to level 6!
Unknown command.
You hit the orc warrior but do no damage.
The orc warrior closely misses you.
You hit the orc warrior.
The orc warrior is lightly wounded.
You closely miss the orc warrior.
The orc warrior is lightly wounded.
The orc warrior hits you with a +0 long sword!
* * * LOW HITPOINT WARNING * * *
You closely miss the orc warrior.
The orc warrior is lightly wounded.
The orc warrior barely misses you.
You closely miss the orc warrior.
The orc warrior is lightly wounded.
The orc warrior hits you with a +0 long sword.
* * * LOW HITPOINT WARNING * * *
You hit the orc warrior.
The orc warrior is lightly wounded.
The orc warrior hits you with a +0 long sword!
* * * LOW HITPOINT WARNING * * *
Throw: throwing net
Press: ? - help, Q - select action, (/) - cycle Shift-Dir - straight line, f - orc warrior
Aim: an orc warrior, wielding a +0 long sword and wearing a +0 plate armour (lightly wounded, 60% to hit)
You throw a throwing net.
The throwing net closely misses the orc warrior.
The orc warrior hits you with a +0 long sword.
* * * LOW HITPOINT WARNING * * *
You feel better.
The orc warrior hits you with a +0 long sword!
You die...

#♣♣.♣.♣......###..##
#.♣.♣.♣............#
###..............##..#
..............######...#
..............# #...
.............## ...
#...........# ..#
###....###### ### ##.)@#
.......o# .......##
..###.. # #.. ... #...
....


You could see an orc warrior.

Vanquished Creatures
  Duvessa (D:5)
  2 black bears (D:5)
  2 bullfrogs (Sewer)
  Dowan (D:5)
  A bombardier beetle (D:5)
  A hound (D:5)
  A jelly (D:6)
  2 orc priests (D:5)
  An iguana (D:6)
  A sleepcap (D:3)
  Terence (D:2)
  2 orc wizards (D:5)
  Ijyb (D:3)
  5 adders
  4 gnolls (D:3)
  2 river rats (D:3)
  12 dart slugs
  2 ribbon worms
  9 orcs
  18 endoplasms
  12 giant cockroaches
  4 goblins
  4 hobgoblins
  7 kobolds
  3 quokkas
  15 ball pythons
  7 bats
  15 frilled lizards
  4 rats
140 creatures vanquished.

Vanquished Creatures (others)
  An orc wizard (D:5)
1 creature vanquished.

Grand Total: 141 creatures vanquished

Notes
Turn   | Place    | Note
-------+----------+-------------------------------------------
     0 | D:1      | Newt the Merfolk Gladiator began the quest for the Orb.
     0 | D:1      | Reached XP level 1. HP: 16/16 MP: 1/1
   152 | D:1      | Reached XP level 2. HP: 8/23 MP: 2/2
   497 | D:1      | Reached XP level 3. HP: 30/30 MP: 3/3
  1011 | D:2      | Found a faded altar of an unknown god.
  1283 | D:2      | Noticed Terence
  1304 | D:2      | Killed Terence
  1305 | D:2      | Reached skill level 5 in Polearms
  1305 | D:2      | Reached XP level 4. HP: 37/37 MP: 4/4
  1437 | D:3      | Found a glowing drain.
  1459 | Sewer    | Entered a sewer
  1502 | Sewer    | Reached skill level 6 in Polearms
  1513 | Sewer    | Reached XP level 5. HP: 42/42 MP: 5/5
  1670 | Sewer    | Reached skill level 7 in Polearms
  1734 | Sewer    | Reached XP level 6. HP: 32/48 MP: 6/6
  1738 | Sewer    | Reached skill level 8 in Polearms
  2188 | D:3      | Reached skill level 9 in Polearms
  2431 | D:3      | Noticed Ijyb
  2440 | D:3      | Killed Ijyb
  2441 | D:3      | Reached XP level 7. HP: 53/54 MP: 7/7
  2471 | D:3      | You fall into a shaft and drop 3 floors!
  2594 | D:6      | Reached skill level 5 in Dodging
  2601 | D:5      | Entered Level 5 of the Dungeon
  2986 | D:5      | Found an iron altar of Okawaru.
  3037 | D:5      | Noticed Dowan
  3037 | D:5      | Noticed Duvessa
  3076 | D:5      | Killed Duvessa
  3077 | D:5      | Reached skill level 5 in Fighting
  3077 | D:5      | Reached XP level 8. HP: 23/62 MP: 8/8
  3078 | D:5      | Killed Dowan
  3217 | D:5      | Found a basalt altar of Yredelemnul.
  3253 | D:5      | HP: 2/64 [orc warrior/+0 long sword (4)]
  3254 | D:5      | Slain by an orc warrior

Illustrated notes

Levels and vault maps discovered:
D:1:      psy_arrival_conway, layout_basic
D:2:      layout_basic, shapermc_ecumenical_altar_mp_ritualfount, uniq_terence
D:3:      layout_basic, cheibrodos_sewer_entry_sluice, lexackson_kobold_supper,
          uniq_ijyb
D:5:      minmay_chambers_of_threes, layout_layer_cave, kennysheep_mini,
          mainiacjoe_overflow_small_starburst, nicolae_yredelemnul_corpse_copse,
          xom_redecorated, serial_co_window_serial, co_window_paths_b,
          co_window_of_opportunity_a, co_window_paths_a,
          co_window_of_opportunity_a, co_window_paths_a, co_window_paths_a,
          co_window_corner_a, co_window_paths_a, co_window_of_opportunity_a,
          co_window_corner_b, co_window_corner_cb, co_window_corner_cb,
          glass_columns_a, glass_columns_b, glass_columns_a, glass_columns_a,
          chequers_mini_garden, minmay_gold_behind_fungi, uniq_grinder,
          uniq_duvessa
D:6:      layout_loops_cross

Skill      XL: |  1  2  3  4  5  6  7  8 |
---------------+-------------------------+-----
Fighting       | 3 4 5 6 |  6.3
Polearms       | 5 6 7 9 |  9.0
Dodging        | 7 |  7.0
Throwing       | |  2.0

Action                     |  1- 3 |  4- 6 |  7- 9 || total
---------------------------+-------+-------+-------++-------
  Melee: Trident           |   145 |   230 |   125 ||   500
         Punch             |     1 |     3 |     3 ||     7
         Tailslap          |       |     7 |       ||     7
  Throw: Throwing net      |     1 |       |     3 ||     4
    Use: Scroll            |       |     4 |       ||     4
         Potion            |       |     2 |     1 ||     3
   Stab: Sleeping          |       |     7 |     1 ||     8
 Armour: Leather armour    |    20 |       |       ||    20
         Troll leather arm |    40 |    91 |    80 ||   211
  Dodge: Dodged            |    83 |   143 |    75 ||   301

Table legend: (Time is in decaauts)
 A = Elapsed time spent in this place.
 B = Non-inter-level travel time spent in this place.
 C = Inter-level travel time spent in this place.
 D = Time resting spent in this place.
 E = Time spent auto-exploring this place.
 F = Levels seen in this place.
 G = Mean time per level.
                   A        B        C        D        E       F      G
               +--------+--------+--------+--------+--------+-----+--------+
         Total |   3177 |   3124 |     53 |    170 |   2117 |   6 |  529.5 |
       Dungeon |   2912 |   2859 |     53 |    170 |   2047 |   5 |  582.4 |
         Sewer |    264 |    264 |      0 |      0 |     69 |   1 |  264.0 |
               +--------+--------+--------+--------+--------+-----+--------+

Top non-repeatable levels by time:
     D:1: 855 daAuts
     D:3: 734 daAuts
     D:5: 635 daAuts
     D:2: 559 daAuts
   Sewer: 264 daAuts
     D:6: 127 daAuts
